 Dungeon Crawl Stone Soup version 0.26-a0-812-g31a745ddcd (webtiles) character file.

Game seed: 16698284273075708468

119344 MalarOregon the Thaumaturge (level 16, 0/136 HPs)
             Began as a Yellow Draconian Fire Elementalist on Nov 30, 2020.
             Was the Champion of Makhleb.
             Slain by a mana viper (13 damage)
             ... on level 1 of the Snake Pit on Dec 1, 2020.
             The game lasted 01:45:11 (42399 turns).

MalarOregon the Thaumaturge (DrFE)                 Turns: 42399, Time: 01:45:11

Health: 0/136      AC: 11    Str: 10    XL:     16   Next: 27%
Magic:  0/33       EV: 11    Int: 31    God:    Makhleb [******]
Gold:   2642       SH:  7    Dex: 14    Spells: 11/41 levels left

rFire    + + +     SeeInvis +   A - +5 rapier of Yeast {freeze, rF+ Dex+2 Stlth+}
rCold    . . .     Faith    .   K - +2 buckler
rNeg     + . .     Spirit   .   (armour unavailable)
rPois    +         Reflect  .   g - +0 hat "Veac" {Int+2 Dex+3 Stlth+}
rElec    .         Harm     .   C - scarf {shadows}
rCorr    +         Rampage  .   M - +0 pair of gloves
MR       ++...                  X - +0 pair of boots of Card Tricks {rN+}
Stlth    ++++......             N - amulet "Oliuma" {RegenMP *Contam rF+++ Int+7 SInv}
HPRegen  0.32/turn              l - ring of protection from magic
MPRegen  0.48/turn              q - ring of poison resistance

@: lethally poisoned (0 -> -1), short of breath, constricted
A: spit acid, unfitting armour, clumsy 2, acidic bite, cold-blooded, MP-powered
wands, acid resistance, AC +9
a: Breathe Acid, Minor Destruction, Lesser Servant of Makhleb, Major
Destruction, Greater Servant of Makhleb, Renounce Religion


You were on level 1 of the Snake Pit.
You worshipped Makhleb.
Makhleb was exalted by your worship.
You visited 4 branches of the dungeon, and saw 23 of its levels.
You also visited: Bailey, Gauntlet and Volcano.

You collected 3604 gold pieces.
You spent 962 gold pieces at shops.

Inventory:

Hand Weapons
 A - the +5 rapier of Yeast (weapon) {freeze, rF+ Dex+2 Stlth+}
   (You took it off a minotaur in a Gauntlet)

   It has been specially enchanted to freeze those struck by it, causing extra
   injury to most foes and up to half again as much damage against particularly
   susceptible opponents.
   It can also slow down cold-blooded creatures.
   It affects your dexterity (+2).
   It protects you from fire.
   It makes you more stealthy.
Missiles
 o - 19 silver javelins (quivered)
 Z - 4 throwing nets {!f}
Armour
 g - the +0 hat "Veac" (worn) {Int+2 Dex+3 Stlth+}
   (You found it on level 14 of the Dungeon)

   It affects your intelligence (+2).
   It affects your dexterity (+3).
   It makes you more stealthy.
 C - a scarf of shadows (worn)
   (You found it on level 5 of the Dungeon)
 K - a +2 buckler (worn)
   (You found it on level 6 of the Dungeon)
 M - a +0 pair of gloves (worn)
   (You found it on level 2 of the Lair of Beasts)
 X - the +0 pair of boots of Card Tricks (worn) {rN+}
   (You found it in a Gauntlet)

   It protects you from negative energy.
Jewellery
 c - an uncursed ring of ice
   (You took it off a deep elf mage on level 12 of the Dungeon)
 f - an uncursed ring of fire
   (You found it on level 1 of the Lair of Beasts)
 i - an uncursed ring of protection from fire
   (You found it on level 7 of the Dungeon)
 l - a ring of protection from magic (left hand)
   (You found it on level 1 of the Lair of Beasts)
 q - a ring of poison resistance (right hand)
   (You found it on level 3 of the Dungeon)
 w - an uncursed ring of positive energy
   (You found it on level 5 of the Dungeon)
 D - a +6 ring of intelligence
   (You found it on level 8 of the Dungeon)
 N - the amulet "Oliuma" (around neck) {RegenMP *Contam rF+++ Int+7 SInv}
   (You acquired it on level 6 of the Dungeon)

   [amulet of magic regeneration]

   It increases your magic regeneration.
   It affects your intelligence (+7).
   It renders you almost immune to fire.
   It lets you see invisible.
   It causes magical contamination when unequipped.
Wands
 d - a wand of iceblast (10)
   (You found it on level 10 of the Dungeon)
 e - a wand of polymorph (30)
   (You found it on level 7 of the Dungeon)
 t - a wand of flame (99)
   (You found it on level 5 of the Dungeon)
 x - a wand of acid (12)
   (You found it on level 5 of the Lair of Beasts)
 R - a wand of enslavement (12)
   (You found it on level 11 of the Dungeon)
Scrolls
 b - 2 scrolls of enchant weapon
 j - 3 scrolls of teleportation {@r4}
 k - a scroll of silence
 s - 2 scrolls of blinking
 y - 4 scrolls of amnesia
 G - 5 scrolls of remove curse {@r2}
 L - 3 scrolls of enchant armour
 S - a scroll of vulnerability {!r}
 U - 4 scrolls of holy word
 W - 3 scrolls of fog
 Y - 8 scrolls of identify {@r1}
Potions
 a - a potion of ambrosia
 h - a potion of mutation {!q}
 m - 4 potions of invisibility
 n - 5 potions of lignification {!q}
 p - 2 potions of flight
 u - 9 potions of brilliance
 v - 3 potions of haste {@q3}
 z - a potion of heal wounds {@q2}
 B - 4 potions of resistance
 E - 3 potions of might
 H - 3 potions of berserk rage
 P - 7 potions of curing {@q1}
 V - 2 potions of magic
Miscellaneous
 r - a lightning rod (3/4) {!a}
   (You found it on level 2 of the Lair of Beasts)
 O - a condenser vane (inert)
   (You found it in a Gauntlet)
 T - a phial of floods
   (You found it on level 10 of the Dungeon)


   Skills:
 + Level 10.8 Fighting
 + Level 4.1 Dodging
 - Level 1.7 Stealth
 - Level 4.0 Shields
 + Level 13.3 Spellcasting
 + Level 12.4 Conjurations
 - Level 8.5 Necromancy
 + Level 12.3 Fire Magic
 + Level 12.4 Earth Magic
 + Level 4.5 Invocations
 + Level 3.8 Evocations


You had 11 spell levels left.
You knew the following spells:

 Your Spells              Type           Power        Failure   Level
a - Iron Shot             Conj/Erth      #####.....   2%          6
b - Blink                 Tloc           N/A          3%          2
c - Starburst             Conj/Fire      #####.....   2%          6
f - Borgnjor's Vile Clut  Necr/Erth      #####.....   1%          5
q - Sticky Flame          Conj/Fire      #####...     1%          4
x - Fireball              Conj/Fire      #####.....   1%          5
Q - Passwall              Tmut/Erth      ####....     1%          2

Your spell library contained the following spells:

 Spells                   Type           Power        Failure   Level
 Foxfire                  Conj/Fire      ####         0%          1
 Magic Dart               Conj           ####         0%          1
 Sandblast                Erth           #####.       0%          1
 Shock                    Conj/Air       ####         1%          1
 Corpse Rot               Necr/Air       N/A          1%          2
 Searing Ray              Conj           #####.       1%          2
 Conjure Flame            Conj/Fire      #####...     1%          3
 Inner Flame              Hex/Fire       ####....     1%          3
 Mephitic Cloud           Conj/Pois/Air  ###.....     1%          3
 Stone Arrow              Conj/Erth      #####.       1%          3
 Animate Dead             Necr           #####.....   1%          4
 Petrify                  Tmut/Erth      ####....     1%          4
 Iskenderun's Battlesphe  Conj           #####...     1%          5
 Lee's Rapid Deconstruct  Erth           #####.....   1%          5
 Call Imp                 Summ           ##......     3%          2
 Poisonous Vapours        Pois/Air       ##....       3%          2
 Slow                     Hex            ##......     3%          2
 Yara's Violent Unravell  Hex/Tmut       ##........   54%         5
 Freezing Cloud           Conj/Ice/Air   ###.......   54%         6


Dungeon Overview and Level Annotations

Branches:
Dungeon (15/15)            Temple (1/1) D:4            Lair (6/6) D:11
  Swamp (0/4) Lair:2        Snake (1/4) Lair:4        Slime (0/5) Lair:5
    Orc (0/2) D:12         Vaults (0/5) D:13         Depths (0/5) D:15
 Bailey (visited)         Volcano (visited)         Gauntlet (visited)

Altars:
Ashenzari
Cheibriados
Dithmenos
Elyvilon
Fedhas
Gozag
Hepliaklqana
Kikubaaqudgha
Makhleb
Nemelex Xobeh
Okawaru
Qazlal
Ru
Sif Muna
Trog
Uskayaw
Vehumet
Wu Jian
Xom
Yredelemnul
Zin
The Shining One
Jiyva

Shops:
D:8 !

Annotations:
Snake:1 5 exclusions


Innate Abilities, Weirdness & Mutations

You can spit globs of acid.
Your golden yellow scales are hard. (AC +9)
You cannot fit into any form of body armour.
You have acidic saliva.
You are cold-blooded and may be slowed by cold attacks.
You are resistant to acid. (rCorr)
You are very clumsy. (Dex -4)
You expend magic power (3 MP) to strengthen your wands.


Message History

* * * LOW HITPOINT WARNING * * *
Your hellwing hits the mana viper! Your hellwing hits the mana viper.
The anaconda bites you.
* * * LOW HITPOINT WARNING * * *
* * * LOW HITPOINT WARNING * * *
The anaconda constricts you.
The mana viper closely misses your hellwing.
Unknown command.
The anaconda's grasp on you weakens, but your attempt to escape fails.
The anaconda burns!
The black mamba bites your hellwing but does no damage.
The anaconda closely misses you.
* * * LOW HITPOINT WARNING * * *
The anaconda constricts you.
The mana viper bites you but does no damage.
The mana viper bites your hellwing. The black mamba bites your hellwing.
Your hellwing hits the black mamba!
Your hellwing hits the black mamba but does no damage.
The anaconda closely misses you.
* * * LOW HITPOINT WARNING * * *
The anaconda constricts you.
Unknown command.
You hit the anaconda but do no damage.
You feel sick.
The anaconda burns!
The black mamba bites your hellwing but does no damage.
The mana viper completely misses you. You block the anaconda's attack.
* * * LOW HITPOINT WARNING * * *
The anaconda constricts you.
The mana viper closely misses your hellwing.
The black mamba closely misses your hellwing.
Your hellwing completely misses the black mamba.
Your hellwing hits the black mamba! You block the mana viper's attack.
The anaconda bites you!
* * * LOW HITPOINT WARNING * * *
* * * LOW HITPOINT WARNING * * *
The anaconda constricts you. The mana viper bites your hellwing!
Unknown command.
Okay, then.
You closely miss the anaconda.
Your tail-slap misses the anaconda.
Your bite misses the anaconda.
The anaconda burns!
The black mamba bites your hellwing!
Your hellwing dies!
The anaconda barely misses you.
* * * LOW HITPOINT WARNING * * *
The anaconda constricts you. The mana viper bites you!
* * * LOW HITPOINT WARNING * * *
You feel your power leaking away. The anaconda barely misses you.
* * * LOW HITPOINT WARNING * * *
The anaconda constricts you. The mana viper bites you!
You die...

#####
##...###
##.SS...##
#.SS@....###
##.†####....#
#...# ###..##
#...# ##..#
#..## ##.#
#..# #.#
###..# #.#
##....## #.#
##
........###
#.## #.


You could see an anaconda (burning), 2 mana vipers and a black mamba.

Vanquished Creatures
  Rupert (D:11)
  Jorgrun (D:13)
  A shadow dragon (D:12)
  Aizul (Lair:4)
  Nessos (D:12)
  A minotaur (Gauntlet)
  Snorg (D:12)
  The ghost of Pibbaybb the Carver, a journeyman MiFi of Yredelemnul (D:14)
  A yaktaur captain (D:12)
  A boulder beetle (shapeshifter) (D:14)
  4 vault guards (D:13)
  3 boulder beetles (D:14)
  4 catoblepae
  A naga warrior (Snake:1)
  A rakshasa (D:15)
  Erolcha (D:11)
  4 anacondas (Snake:1)
  7 hydras
  3 centaur warriors
  3 two-headed ogres
  12 death yaks (Lair:6)
  3 naga sharpshooters (Snake:1)
  3 tengu warriors
  Urug (D:13)
  Sonja (D:11)
  Nergalle (D:11)
  A fire crab (Gauntlet)
  3 unseen horrors
  A glowing orange brain (D:15)
  A naga ritualist (Snake:1)
  Pikel (D:7)
  5 mana vipers (Snake:1)
  2 oklob plants (Lair:3)
  An orc knight (D:14)
  2 wolf spiders (D:14)
  3 cyclopes
  11 ugly things
  2 deep elf magi (D:12)
  Maurice (D:12)
  5 elephants
  4 manticores
  4 salamanders (Volcano)
  4 naga magi (Snake:1)
  10 black mambas
  6 centaur zombies
  2 gargoyles
  12 cane toads
  Maggie (D:7)
  A rime drake (Lair:3)
  3 kobold demonologists
  9 komodo dragons
  5 yaktaurs
  A redback zombie (D:14)
  4 guardian mummies (D:12)
  4 trolls
  3 jumping spiders (D:14)
  2 polar bears (Lair:6)
  Grinder (D:4)
  23 blink frogs
  19 slime creatures
  8 redbacks (D:14)
  5 shadows
  A centaur simulacrum (D:14)
  2 water elementals
  Sigmund (D:6)
  2 tarantellas (D:14)
  8 fire bats
  3 vampires
  3 wraiths
  4 wyverns
  48 yaks
  8 humans (D:13)
  7 vampire mosquitoes
  3 basilisks
  Menkaure (D:7)
  7 nagas
  An insubstantial wisp (Lair:1)
  3 soldier ants
  A soldier ant (shapeshifter) (D:15)
  15 water moccasins
  3 hell hounds
  A hornet zombie (D:12)
  5 black bears
  9 orc warriors
  A swamp drake (Lair:1)
  2 sky beasts
  An ice beast (D:7)
  7 ogres
  2 phantoms
  4 wolves (Lair:3)
  2 necrophages
  A boggart (D:12)
  12 centaurs
  2 big kobolds
  Blork the orc (D:6)
  23 bullfrogs
  8 gnoll sergeants (Bailey)
  2 scorpions
  A wyvern skeleton (D:11)
  10 killer bees
  A howler monkey (D:5)
  4 wights (D:12)
  4 electric eels
  A quasit (D:13)
  A bullfrog zombie (D:12)
  A jelly (shapeshifter) (D:15)
  6 gnoll shamans (Bailey)
  10 orc wizards
  8 orc priests
  2 bullfrog skeletons
  10 hounds
  6 jellies
  10 centaur skeletons
  5 iguanas
  15 worker ants
  Natasha (thrice) (D:4)
  A hell rat (Lair:3)
  A killer bee zombie (D:5)
  3 hound skeletons
  4 mummies (D:12)
  2 worker ant zombies (D:5)
  Robin (D:3)
  18 gnolls
  19 adders
  A shadow imp (D:5)
  2 white imps
  2 ufetubi
  An ooze (D:5)
  2 adder skeletons
  A worm (D:2)
  3 dart slugs
  10 leopard geckos
  81 orcs
  2 ball pythons
  8 giant cockroaches
  19 goblins
  10 hobgoblins
  15 jackals
  7 kobolds
  9 quokkas
  10 bats
  3 frilled lizards
  2 gnoll zombies (D:6)
  A leopard gecko skeleton (D:3)
  12 rats
784 creatures vanquished.

Vanquished Creatures (collateral kills)
  A foxfire (D:5)
1 creature vanquished.

Vanquished Creatures (others)
  A fire giant (D:12)
  An orc wizard (D:4)
  2 worker ants (D:4)
  518 foxfires
  86 fungi
  144 plants
752 creatures vanquished.

Grand Total: 1537 creatures vanquished

Notes
Turn   | Place    | Note
-------+----------+-------------------------------------------
     0 | D:1      | MalarOregon the Draconian Fire Elementalist began the quest
                  | for the Orb.
     0 | D:1      | Reached XP level 1. HP: 14/14 MP: 3/3
   182 | D:1      | Reached XP level 2. HP: 22/22 MP: 0/5
   681 | D:1      | Reached skill level 1 in Fighting
   977 | D:1      | Reached XP level 3. HP: 28/28 MP: 6/6
  1759 | D:2      | Reached XP level 4. HP: 36/36 MP: 5/7
  2315 | D:2      | Learned a level 4 spell: Sticky Flame
  2601 | D:3      | Noticed Robin
  2677 | D:3      | Killed Robin
  2824 | D:3      | Reached XP level 5. HP: 41/41 MP: 5/9
  3387 | D:3      | Reached skill level 3 in Spellcasting
  4000 | D:3      | Reached XP level 6. HP: 49/50 MP: 0/10
  4114 | D:4      | Noticed Natasha
  4119 | D:4      | Killed Natasha
  4160 | D:4      | Noticed Natasha
  4170 | D:4      | Killed Natasha
  4190 | D:4      | Noticed Natasha
  4195 | D:4      | Killed Natasha
  4657 | D:4      | Learned a level 5 spell: Fireball
  4697 | D:4      | Found an ornate altar of the Wu Jian Council.
  4809 | D:4      | Found a staircase to the Ecumenical Temple.
  4929 | D:4      | Noticed Grinder
  4956 | D:4      | Paralysed by Grinder for 4 turns
  4961 | D:4      | Killed Grinder
  4961 | D:4      | Reached skill level 5 in Conjurations
  4961 | D:4      | Your scales start taking on a golden yellow colour.
  4961 | D:4      | Reached XP level 7. HP: 48/57 MP: 0/12
  4961 | D:4      | Gained mutation: You are resistant to acid. (rCorr) [Yellow
                  | Draconian growth]
  5121 | D:4      | Reached skill level 4 in Spellcasting
  5141 | D:4      | Found a shimmering altar of Xom.
  5222 | D:4      | Reached skill level 5 in Fire Magic
  5500 | Temple   | Entered the Ecumenical Temple
  5617 | Temple   | Became a worshipper of Makhleb the Destroyer
  5783 | D:5      | Entered Level 5 of the Dungeon
  5975 | D:5      | Reached XP level 8. HP: 63/63 MP: 9/14
  6647 | D:5      | Reached skill level 5 in Spellcasting
  7355 | D:6      | Noticed Blork the orc
  7360 | D:6      | Killed Blork the orc
  7545 | D:6      | Reached * piety under Makhleb
  7812 | D:6      | Reached XP level 9. HP: 70/70 MP: 8/17
  7936 | D:6      | Reached skill level 6 in Spellcasting
  8237 | D:6      | Found a basalt altar of Yredelemnul.
  8311 | D:6      | Found an opulent altar of Gozag.
  8323 | D:6      | Found a bloodstained altar of Trog.
  8496 | D:6      | Noticed Sigmund
  8506 | D:6      | Killed Sigmund
  8641 | D:6      | Identified a scroll of acquirement
  8641 | D:6      | Acquired the amulet "Oliuma" {RegenMP *Contam rF+++ Int+7
                  | SInv}
  9102 | D:7      | Reached skill level 1 in Shields
  9102 | D:7      | Noticed Menkaure
  9103 | D:7      | Killed Menkaure
  9104 | D:7      | Noticed Maggie
  9163 | D:7      | Killed Maggie
  9423 | D:7      | Found a blossoming altar of Fedhas.
  9535 | D:7      | Noticed Pikel
  9546 | D:7      | Killed Pikel
  9546 | D:7      | Reached skill level 7 in Spellcasting
  9857 | D:8      | Found Likhaosk's Distillery.
  9860 | D:8      | Bought a potion of heal wounds for 65 gold pieces
  9860 | D:8      | Bought a potion of resistance for 130 gold pieces
  9860 | D:8      | Bought a potion of heal wounds for 65 gold pieces
  9860 | D:8      | Bought a potion of curing for 39 gold pieces
  9860 | D:8      | Bought a potion of curing for 39 gold pieces
  9860 | D:8      | Bought a potion of curing for 39 gold pieces
  9938 | D:8      | Reached ** piety under Makhleb
 10111 | D:8      | Reached XP level 10. HP: 75/77 MP: 5/20
 10308 | D:8      | Found a bloodstained altar of Trog.
 10578 | D:8      | Found a broken altar of Ashenzari.
 10643 | D:8      | Acquired the Almanac of the Mountains
 10652 | D:8      | Learned a level 6 spell: Iron Shot
 10658 | D:8      | Learned a level 5 spell: Borgnjor's Vile Clutch
 11052 | D:9      | Noticed an unseen horror
 11060 | D:9      | Killed an unseen horror
 11121 | D:9      | Found a snail-covered altar of Cheibriados.
 11145 | D:9      | Reached *** piety under Makhleb
 11236 | D:7      | Reached skill level 8 in Spellcasting
 11305 | D:9      | Got a crystal hunting sling
 11912 | D:9      | Found a glowing silver altar of Zin.
 12041 | D:9      | Identified the +10 hunting sling "Ixkik" {speed, MR+ Int+2}
                  | (You found it on level 9 of the Dungeon)
 12494 | D:10     | Entered Level 10 of the Dungeon
 12689 | D:10     | Noticed a gargoyle
 12692 | D:10     | Killed a gargoyle
 12976 | D:10     | Reached XP level 11. HP: 82/82 MP: 17/23
 14751 | D:10     | Reached skill level 10 in Conjurations
 14843 | D:10     | Reached skill level 9 in Spellcasting
 14927 | D:11     | Noticed an unseen horror
 14935 | D:11     | Killed an unseen horror
 14935 | D:11     | Reached skill level 10 in Fire Magic
 14949 | D:11     | Found Vunyra's Distillery.
 15048 | D:11     | Noticed a brown ugly thing
 15049 | D:11     | Reached **** piety under Makhleb
 15057 | D:11     | Killed a brown ugly thing
 15113 | D:11     | Found a flagged portal.
 15121 | Bailey   | Entered a bailey
 15865 | D:11     | Noticed Nergalle
 15873 | D:11     | Killed Nergalle
 16037 | D:11     | Found a staircase to the Lair.
 16408 | D:11     | Reached ***** piety under Makhleb
 17158 | Lair:1   | Entered Level 1 of the Lair of Beasts
 17161 | Lair:1   | Reached skill level 10 in Spellcasting
 17236 | Lair:1   | Reached XP level 12. HP: 89/89 MP: 8/26
 17647 | Lair:1   | Noticed a six-headed hydra
 17658 | Lair:1   | Killed a six-headed hydra
 18305 | Lair:1   | Found an iron altar of Okawaru.
 18931 | Lair:2   | Found a blossoming altar of Fedhas.
 18933 | Lair:2   | Found a dark tunnel.
 18940 | Lair:2   | Found a staircase to the Swamp.
 18949 | Lair:2   | Acquired 977 gold pieces
 18979 | Volcano  | Entered a volcano
 19072 | Volcano  | Reached skill level 1 in Earth Magic
 19075 | Volcano  | Reached skill level 1 in Necromancy
 19131 | Volcano  | Noticed a two-headed ogre
 19157 | Volcano  | Killed a two-headed ogre
 19716 | Lair:2   | Reached skill level 11 in Spellcasting
 20146 | Lair:2   | Identified the Incunabulum of Destructive Evil Secrets
 20999 | Lair:3   | Reached skill level 5 in Fighting
 21014 | Lair:3   | Noticed a six-headed hydra
 21021 | Lair:3   | Killed a six-headed hydra
 21046 | Lair:3   | Noticed a seven-headed hydra
 21053 | Lair:3   | Killed a seven-headed hydra
 21053 | Lair:3   | Reached skill level 5 in Earth Magic
 21053 | Lair:3   | Reached XP level 13. HP: 96/100 MP: 5/28
 22833 | Lair:4   | Found a staircase to the Snake Pit.
 23818 | Lair:5   | Found a viscous altar of Jiyva.
 23819 | Lair:5   | Found a staircase to the Slime Pits.
 24468 | Lair:6   | Entered Level 6 of the Lair of Beasts
 24783 | Lair:6   | Reached skill level 5 in Necromancy
 25870 | Lair:6   | Gained mutation: You have acidic saliva. [Yellow Draconian
                  | growth]
 25870 | Lair:6   | Reached XP level 14. HP: 104/113 MP: 8/29
 25960 | Lair:6   | Reached ****** piety under Makhleb
 25960 | Lair:6   | Reached skill level 12 in Spellcasting
 27600 | D:11     | Bought a potion of resistance for 130 gold pieces
 27600 | D:11     | Bought a potion of heal wounds for 65 gold pieces
 27600 | D:11     | Bought a potion of brilliance for 52 gold pieces
 27600 | D:11     | Bought a potion of heal wounds for 65 gold pieces
 27600 | D:11     | Bought a potion of might for 52 gold pieces
 27600 | D:11     | Bought a potion of brilliance for 52 gold pieces
 27600 | D:11     | Bought a potion of invisibility for 104 gold pieces
 27600 | D:11     | Bought a potion of heal wounds for 65 gold pieces
 27631 | D:11     | Noticed Sonja
 27631 | D:11     | Noticed Erolcha
 27633 | D:11     | Killed Erolcha
 27636 | D:11     | Killed Sonja
 27863 | D:12     | Noticed Rupert
 28337 | D:11     | Killed Rupert
 28337 | D:11     | Reached skill level 10 in Earth Magic
 28654 | D:12     | Found a staircase to the Orcish Mines.
 28900 | D:12     | Noticed a fire giant
 28996 | D:12     | Killed a fire giant
 29221 | D:12     | Noticed a shadow dragon
 29366 | D:12     | Noticed Maurice
 29369 | D:12     | Killed Maurice
 29758 | D:12     | Killed a shadow dragon
 29882 | D:12     | Noticed Snorg
 29896 | D:12     | Killed Snorg
 30067 | D:12     | Noticed Nessos
 30089 | D:12     | Killed Nessos
 30415 | D:12     | Noticed a reaper
 30415 | D:12     | Noticed a reaper
 30415 | D:12     | Noticed a reaper
 30415 | D:12     | Noticed a reaper
 30415 | D:12     | Noticed a reaper
 30843 | D:12     | Found the +8 glaive of the Guard {elec, +Rage AC+5 SInv}
 31243 | D:13     | Noticed Jorgrun
 31263 | D:13     | Killed Jorgrun
 31286 | D:13     | Reached XP level 15. HP: 109/125 MP: 15/31
 31599 | D:13     | Found a gate leading to a gauntlet.
 31608 | Gauntlet | Entered a Gauntlet
 31650 | Gauntlet | Found a transporter.
 31658 | Gauntlet | Found a transporter.
 31670 | Gauntlet | Found a transporter.
 31678 | Gauntlet | Found a transporter.
 31695 | Gauntlet | Found a transporter.
 31703 | Gauntlet | Found a transporter.
 31720 | Gauntlet | Found a transporter.
 31728 | Gauntlet | Found a transporter.
 31742 | Gauntlet | Found a transporter.
 31778 | Gauntlet | Found a transporter.
 31828 | Gauntlet | Found a transporter.
 31828 | Gauntlet | Found a transporter.
 31924 | Gauntlet | Got a heavily runed hat
 31935 | Gauntlet | Identified the cursed +0 hat "Kacwef" {-Tele rF+ MR+
                  | Regen+} (You found it in a Gauntlet)
 31984 | Gauntlet | Got a pair of ichor-stained boots
 31995 | Gauntlet | Identified the cursed +0 pair of boots of Card Tricks {rN+}
                  | (You found it in a Gauntlet)
 32044 | Gauntlet | Identified the +5 rapier of Yeast {freeze, rF+ Dex+2
                  | Stlth+}
 32101 | Gauntlet | Identified the Papyrus of Hurtful Shape Shifting
 32102 | Gauntlet | Got a polished shortbow
 32211 | D:13     | Identified the cursed +2 shortbow "Wovvaed" {vorpal, rPois
                  | rN+ MR+ Dex+2} (You found it in a Gauntlet)
 32349 | D:13     | Noticed Urug
 32377 | D:13     | Killed Urug
 33048 | D:13     | Found a gate to the Vaults.
 33413 | D:14     | Found a sacrificial altar of Ru.
 33453 | D:14     | Reached skill level 1 in Invocations
 33587 | D:14     | Reached skill level 1 in Evocations
 33588 | D:14     | Reached skill level 10 in Fighting
 33655 | D:14     | Found a large runed translucent door.
 33655 | D:14     | Found a large runed translucent door.
 33655 | D:14     | Noticed Pibbaybb's ghost (journeyman MiFi)
 33682 | D:14     | Found a runed translucent door.
 34645 | D:14     | Killed Pibbaybb's ghost
 34645 | D:14     | Reached skill level 13 in Spellcasting
 34774 | D:14     | Got a pitted hat
 35960 | D:14     | Got a clouded glass ring
 35971 | D:14     | Identified the cursed +0 hat "Veac" {Int+2 Dex+3 Stlth+}
                  | (You found it on level 14 of the Dungeon)
 35973 | D:14     | Identified the cursed ring of Vosezivu {EV-4 Str+6} (You
                  | found it on level 14 of the Dungeon)
 36014 | D:15     | Entered Level 15 of the Dungeon
 39984 | D:15     | Found a staircase to the Depths.
 40177 | D:15     | Learned a level 2 spell: Passwall
 40180 | D:15     | Learned a level 2 spell: Blink
 40187 | D:15     | Learned a level 6 spell: Starburst
 40474 | Snake:1  | Entered Level 1 of the Snake Pit
 40480 | Snake:1  | Reached XP level 16. HP: 123/136 MP: 11/33
 40502 | Snake:1  | Noticed Aizul
 40911 | Lair:4   | Gained mutation: You are occasionally teleported next to
                  | monsters. [mutagenic glow]
 40923 | Lair:4   | Killed Aizul
 40927 | Lair:4   | Gained mutation: You are clumsy. (Dex -2) [mutagenic glow]
 40937 | Lair:4   | Gained mutation: You are very clumsy. (Dex -4) [mutagenic
                  | glow]
 40964 | Lair:4   | Gained mutation: You tend to lose your temper in combat.
                  | [mutagenic glow]
 41232 | Lair:4   | Lost mutation: You are occasionally teleported next to
                  | monsters. [potion of mutation]
 41232 | Lair:4   | Lost mutation: You tend to lose your temper in combat.
                  | [potion of mutation]
 41232 | Lair:4   | Gained mutation: You expend magic power (3 MP) to
                  | strengthen your wands. [potion of mutation]
 42399 | Snake:1  | Slain by a mana viper

Illustrated notes

Levels and vault maps discovered:
D:1:      scummos_arrival_forest, layout_loops_ring, dk_noncrumbling_4,
          minivault_19, serial_bayou_ford_a
D:2:      layout_loops_ring, hangedman_decor_points
D:3:      layout_basic, uniq_robin
D:4:      wander_river, layout_basic, lemuel_round_altar, xom_confusion_cloud,
          temple_hall, serial_corexii_hall, chequers_hall_statues_wall_a,
          corexii_hall_statues_x, st_stairs_12, uniq_grinder, uniq_natasha
D:5:      minmay_chambers_of_threes, layout_loops_ring, serial_rivers,
          chequers_serial_rivers_large_a, chequers_serial_rivers_small_3,
          chequers_serial_rivers_room_b, chequers_serial_rivers_micro_b,
          chequers_serial_rivers_micro_d
D:6:      layout_gridville, lemuel_zombie_altar_yredelemnul,
          kennysheep_little_box, kennysheep_mini_moat, uniq_blork_the_orc,
          uniq_sigmund
D:7:      layout_loops_ring, lemuel_doored_altar, uniq_pikel, uniq_menkaure,
          uniq_maggie
D:8:      layout_cave_pools, ashenzari_altar_1, basic_altar, serial_shops,
          kennysheep_mini, minmay_starry_boxes
D:9:      layout_grid_maze, zin_academy, marbit_many_paths
D:10:     layout_gridville, minivault_10
D:11:     layout_roguey, due_lair_maze_entry_diamond, enter_bailey_2,
          serial_shops, shop_fountains, kennysheep_boxes, uniq_nergalle,
          uniq_sonja, uniq_erolcha
D:12:     minmay_guarded_unrand_guard, layout_gridville, hiddenorc2_lemuel,
          minmay_guarded_unrand_curses, uniq_maurice, uniq_snorg, uniq_nessos,
          uniq_rupert
D:13:     layout_roguey, ximxim_vaults_locker_room, gauntlet_entry_generic,
          moated_statue, eino_small_chamber_without_monster, uniq_urug,
          uniq_jorgrun
D:14:     gammafunk_indiana_jones, layout_irregular_city,
          ebering_ghost_disaster_area, drop_trap, nicolae_ru_awakened_eye
D:15:     gammafunk_enter_depths_forms, layout_rooms, chequers_big_river,
          grunt_decor_resistance
Temple:   dshaligram_water_room_temple
Lair:1:   layout_layer_cave, basic_altar, pond
Lair:2:   layout_big_grid, swamp_mist, basic_altar, enter_volcano_1,
          grunt_megastairs_4
Lair:3:   layout_regular_city, minmay_lair_oklob_chamber
Lair:4:   layout_cave_pods, guppyfry_snake_entry_garden
Lair:5:   layout_cave_pods, slime_altar_1
Lair:6:   evilmike_catoblepas_cave, layout_cave_pods, serial_bayou_shore_a
Snake:1:  layout_layer_cave, grunt_megastairs_1, uniq_aizul, uniq_louise

Skill      XL: |  1  2  3  4  5  6  7  8  9 10 11 12 13 14 15 16 |
---------------+-------------------------------------------------+-----
Fighting       | 1 2 3 5 7 9 10 | 10.8
Conjurations   | 2 3 5 7 8 9 11 12 | 12.4
Spellcasting   | 3 4 5 7 8 10 11 12 13 | 13.3
Fire Magic     | 4 5 6 8 9 11 12 | 12.3
Shields        | 3 4 |  4.0
Earth Magic    | 5 8 11 12 | 12.4
Necromancy     | 3 6 8 |  8.5
Dodging        | 3 4 |  4.1
Invocations    | 3 4 |  4.5
Evocations     | 3 |  3.8
Stealth        | |  1.7

Action                   |  1- 3 |  4- 6 |  7- 9 | 10-12 | 13-15 | 16-18 || total
-------------------------+-------+-------+-------+-------+-------+-------++-------
Melee: Unarmed           |    37 |       |       |       |       |       ||    37
       Mace              |    65 |    19 |       |       |       |       ||    84
       Tailslap          |     9 |     3 |     8 |     7 |    39 |     1 ||    67
       Staff             |       |    46 |    50 |    44 |       |       ||   140
       Morningstar       |       |       |       |    36 |   211 |       ||   247
       Bite              |       |       |       |       |    24 |     2 ||    26
       Rapier            |       |       |       |       |    89 |    23 ||   112
 Fire: Hunting sling     |       |       |       |   175 |       |       ||   175
Throw: Javelin           |       |       |       |     8 |    26 |       ||    34
       Throwing net      |       |       |       |       |     1 |       ||     1
 Cast: Foxfire           |    43 |   178 |   116 |       |       |       ||   337
       Sticky Flame      |       |       |    33 |    75 |   170 |    15 ||   293
       Fireball          |       |       |    28 |   238 |   356 |    37 ||   659
       Iron Shot         |       |       |       |       |    46 |     4 ||    50
       Borgnjor's Vile C |       |       |       |       |     5 |       ||     5
       Starburst         |       |       |       |       |     2 |     1 ||     3
       Blink             |       |       |       |       |       |     2 ||     2
Invok: Lesser Servant of |       |       |       |       |     2 |     1 ||     3
 Abil: Breathe Acid      |       |       |     1 |     6 |    17 |     5 ||    29
Evoke: Wand              |       |       |       |    26 |     3 |     1 ||    30
       Lightning rod     |       |       |       |       |     3 |     4 ||     7
       Phial of floods   |       |       |       |       |     1 |       ||     1
       Condenser vane    |       |       |       |       |       |     1 ||     1
  Use: Scroll            |       |     2 |    28 |    16 |    14 |     2 ||    62
       Potion            |       |       |       |     1 |    10 |     5 ||    16
 Stab: Sleeping          |     1 |     3 |       |       |       |       ||     4
Armor: Skin              |    37 |    38 |    34 |   108 |   261 |    15 ||   493
Dodge: Dodged            |    79 |    80 |    59 |   164 |   406 |    64 ||   852
Block: Other             |       |     6 |    14 |       |       |       ||    20
       Buckler           |       |       |       |   104 |   265 |    29 ||   398

Table legend: (Time is in decaauts)
 A = Elapsed time spent in this place.
 B = Non-inter-level travel time spent in this place.
 C = Inter-level travel time spent in this place.
 D = Time resting spent in this place.
 E = Time spent auto-exploring this place.
 F = Levels seen in this place.
 G = Mean time per level.
                   A        B        C        D        E       F      G
               +--------+--------+--------+--------+--------+-----+--------+
         Total |  42787 |  40549 |   2238 |  12571 |  21607 |  26 | 1645.7 |
       Dungeon |  28926 |  27275 |   1651 |   8581 |  14419 |  15 | 1928.4 |
        Temple |    133 |    118 |     15 |      0 |    109 |   1 |  133.0 |
          Lair |  11162 |  10590 |    572 |   3400 |   5836 |   6 | 1860.3 |
     Snake Pit |    735 |    735 |      0 |    127 |    416 |   1 |  735.0 |
        Bailey |    694 |    694 |      0 |     36 |    450 |   1 |  694.0 |
       Volcano |    598 |    598 |      0 |    365 |     77 |   1 |  598.0 |
      Gauntlet |    536 |    536 |      0 |     62 |    300 |   1 |  536.0 |
               +--------+--------+--------+--------+--------+-----+--------+

Top non-repeatable levels by time:
    D:14: 5638 daAuts
    D:11: 2781 daAuts
  Lair:6: 2729 daAuts
    D:12: 2675 daAuts
  Lair:4: 2621 daAuts
    D:10: 2387 daAuts
     D:3: 1832 daAuts
  Lair:1: 1783 daAuts
    D:13: 1677 daAuts
  Lair:5: 1636 daAuts
     D:5: 1590 daAuts
     D:4: 1589 daAuts
     D:6: 1530 daAuts
  Lair:3: 1464 daAuts
     D:7: 1385 daAuts
